 Dungeon Crawl Stone Soup version 0.29-a0-468-ge57f7f99b4 (webtiles) character file.

Game seed: 9743814805774918475

3143 happo123 the Ducker (level 10, -5/62 HPs)
             Began as a Djinni Earth Elementalist on May 21, 2022.
             Was a Follower of Hepliaklqana.
             Shot with a sling bullet by Joseph (6 damage)
             ... on level 8 of the Dungeon.
             The game lasted 00:59:22 (8053 turns).

happo123 the Ducker (Djinni Earth Elementalist)     Turns: 8053, Time: 00:59:23

Health: -5/62      AC: 18    Str:  7    XL:     10   Next: 15%
Gold:   455        EV: 15    Int: 20    God:    Hepliaklqana [*.....] SH:  0 Dex: 15

rFire   + + .      SeeInvis .   x - +4 quarterstaff (chaos)
rCold   x . .      Faith    .   (shield currently unavailable)
rNeg    . . .      Spirit   .   s - +0 leather armour
rPois   ∞          Reflect  .   e - +2 hat
rElec   .          Harm     .   r - +2 cloak
rCorr   .          Rampage  .   n - +0 pair of gloves
Will    +....                   (boots unavailable)
Stlth   +++.......              (no amulet)
HPRegen 0.20/turn               d - +4 ring of protection
MPRegen 0.00/turn               w - +4 ring of protection

@: flying, very slightly contaminated
A: reduced essence, sickness immunity, fire resistance 2, cold vulnerability 1,
float, innate caster, HP casting, extra vitality 1
a: Renounce Religion, Recall Ancestor, Ancestor Identity


You were on level 8 of the Dungeon.
You worshipped Hepliaklqana.
Hepliaklqana was aware of your devotion.
You visited 2 branches of the dungeon, and saw 9 of its levels.

You collected 477 gold pieces.
You spent 22 gold pieces at shops.

Inventory:

Hand Weapons
 x - a +4 quarterstaff of chaos (weapon)
 I - a +0 arbalest
 L - a +5 hand axe
Missiles
 u - 85 stones
 v - a throwing net
Armour
 a - the -2 hat of the Alchemist {rElec rPois rF+ rC+ rN+ Will+ rMut rCorr}
   (You found it on level 2 of the Dungeon)

   rF:        It protects you from fire.
   rC:        It protects you from cold.
   rElec:     It insulates you from electricity.
   rPois:     It protects you from poison.
   rN:        It protects you from negative energy.
   rCorr:     It protects you from acid and corrosion.
   rMut:      It protects you from mutation.
   Will:      It increases your willpower.
 e - a +2 hat (worn)
 n - a +0 pair of gloves (worn)
 r - a +2 cloak (worn)
 s - a +0 leather armour (worn)
Jewellery
 d - a +4 ring of protection (left hand)
 o - a ring of fire
 w - a +4 ring of protection (right hand)
Wands
 D - a wand of digging (1)
 H - a wand of acid (8)
 K - a wand of charming (12)
Scrolls
 c - 2 scrolls of immolation {unknown}
 f - 2 scrolls of enchant weapon {unknown}
 h - a scroll of amnesia {unknown}
 i - 4 scrolls of blinking
 k - 2 scrolls of teleportation {unknown}
 l - a scroll of torment {unknown}
 m - 7 scrolls of identify
 p - 4 scrolls of magic mapping
 q - 3 scrolls of enchant armour
 y - 2 scrolls of poison {unknown}
 z - 2 scrolls of brand weapon {unknown}
 B - 2 scrolls of fear {unknown}
 F - a scroll of noise {unknown}
 J - a scroll of summoning {unknown}
 N - a scroll of fog {unknown}
Potions
 b - a potion of mutation {unknown}
 g - 4 potions of curing
 j - 3 potions of flight
 t - 2 potions of berserk rage {unknown}
 A - 2 potions of degeneration {unknown}
 C - a potion of lignification {unknown}
 E - a potion of cancellation {unknown}
 G - a potion of heal wounds {unknown}
 M - 2 potions of attraction {unknown}


   Skills:
 + Level 4.5 Fighting
 + Level 4.4 Armour
 * Level 7.7 Dodging
 * Level 6.4 Stealth
 * Level 5.8 Spellcasting


You had one spell level left.
You knew the following spells:

 Your Spells              Type           Power      Damage    Failure   Level
a - Sandblast             Erth           58%        2d13      1%          1
b - Passwall              Tmut/Erth      24%        N/A       1%          2
c - Stone Arrow           Conj/Erth      58%        3d10      4%          3
d - Petrify               Tmut/Erth      29%        N/A       14%         4
e - Necrotize             Necr           100%       1d9       1%          1
f - Wereblood             Tmut           29%        N/A       1%          2
g - Lesser Beckoning      Tloc           29%        N/A       4%          3
h - Mephitic Cloud        Conj/Pois/Air  29%        N/A       4%          3
Your spell library was empty.

Dungeon Overview and Level Annotations

Branches:
Dungeon (8/15)             Temple (1/1) D:6
   Lair: D:8-11

Altars:
Cheibriados
Dithmenos
Elyvilon
Fedhas
Gozag
Hepliaklqana
Kikubaaqudgha
Makhleb
Nemelex Xobeh
Okawaru
Qazlal
Ru
Sif Muna
Trog
Uskayaw
Vehumet
Wu Jian
Xom
Yredelemnul
Zin
The Shining One

Shops:
D:2 *   D:3 [   D:6 **?!   D:7 ?=

Annotations:
D:8 1 runed translucent door, Joseph; siradein's ghost, novice DrSu


Innate Abilities, Weirdness & Mutations

Your life essence is reduced to manifest your ancestor. (-10% HP)
You are immune to sickness and miasma.
You are immune to poison.
Your flesh is very heat resistant. (rF++)
You are vulnerable to cold. (rC-)
You float through the air rather than walking.
You learn spells naturally, not from books.
Your magical power is your life essence.
You have superior vitality. (+4 MHP)


Message History

Press: ? - help, Q - select action, (/) - cycle Shift-Dir - straight line, f/p - Joseph
Aim: Joseph, wielding a +0 hunting sling and wearing a +3 leather armour of fire resistance (lightly wounded, 71% to hit)
You miscast Stone Arrow.
Nothing appears to happen.
The wyvern closely misses Joseph.
Casting: Stone Arrow (dangerous; 4% risk of failure)
Confirm with . or Enter, or press ? or * to list all spells.
Aiming: Necrotize (safe; 1% risk of failure)
Press: ? - help, Shift-Dir - straight line, f/p - Joseph
Aim: Joseph, wielding a +0 hunting sling and wearing a +3 leather armour of fire resistance (lightly wounded, chance to affect: 70%) Joseph writhes in agony!
Joseph unwields a +0 hunting sling.
Joseph wields a +0 quarterstaff.
Joseph barely misses you.
Casting: Necrotize (safe; 1% risk of failure)
Confirm with . or Enter, or press ? or * to list all spells.
Aiming: Necrotize (safe; 1% risk of failure)
Press: ? - help, Shift-Dir - straight line, f/p - Joseph
Aim: Joseph, wielding a +0 quarterstaff and wearing a +3 leather armour of fire resistance (moderately wounded, chance to affect: 70%) Joseph struggles to resist.
* * * LOW HITPOINT WARNING * * *
Joseph hits you with a +0 quarterstaff.
* * * LOW HITPOINT WARNING * * *
Aiming: Stone Arrow (dangerous; 4% risk of failure)
Press: ? - help, Q - select action, (/) - cycle Shift-Dir - straight line, f/p - Joseph
Aim: Joseph, wielding a +0 quarterstaff and wearing a +3 leather armour of fire resistance (moderately wounded, 71% to hit)
The stone arrow hits Joseph!
Joseph is heavily wounded.
* * * LOW HITPOINT WARNING * * *
Joseph closely misses you.
Joseph unwields a +0 quarterstaff.
Joseph wields a +0 hunting sling.
Joseph shoots a sling bullet.
The sling bullet hits you but does no damage.
Joseph shoots a sling bullet.
The sling bullet barely misses you.
Joseph shoots a sling bullet.
The sling bullet hits you!
* * * LOW HITPOINT WARNING * * *
Joseph shoots a sling bullet.
The sling bullet hits you.
* * * LOW HITPOINT WARNING * * *
Really fly into that dispersal trap?
You enter a dispersal trap!
Joseph blinks!
You blink.
Joseph says, "I've waited for this moment for such a long time."
Joseph shoots a sling bullet.
The sling bullet hits you.
You die...

.######## #......# #.# #......
#.......# #......# #.# #......
#.#####.###......######.###......
.............[....l..............
#.#####.##########@####.##.......
#.# #.# #.# #.##.......
#.#####.##### #.# #..........
............######§## #####......
#######.###.#...@...# #######
........# #.........# ###
######### ##........# #..
#.......# #§....@..# #.#
#.#####.# #..####.## #.# #.# #.#
##.## #.# #.# #.#####.# #..# #.#
#.. #.#.....# ##.###.# #..
#.#.##### #..##.# #..


You could see Joseph.

Vanquished Creatures
  A two-headed ogre (D:8)
  Prince Ribbit (D:6)
  A wraith (D:8)
  A water moccasin (D:7)
  An orc warrior (D:7)
  A sky beast (D:7)
  2 black bears
  3 phantoms
  A gnoll sergeant (D:7)
  A scorpion (D:7)
  3 wights (D:7)
  3 killer bees
  A vampire bat (D:3)
  5 howler monkeys
  A jelly (D:6)
  A hound (D:4)
  Crazy Yiuf (D:3)
  An orc priest (D:4)
  2 iguanas
  2 orc wizards
  An ancestor (D:8)
  Robin (D:2)
  13 gnolls
  8 adders
  A white imp (D:6)
  2 ufetubi
  A worm (D:2)
  The ghost of croobank the Covert, a weakling GnDe (D:5)
  A dart slug (D:4)
  18 orcs
  13 bats
  6 endoplasms
  2 giant cockroaches
  19 goblins
  10 hobgoblins
  A jackal (D:5)
  4 kobolds
  8 ball pythons
  6 frilled lizards
  4 rats
153 creatures vanquished.

Vanquished Creatures (collateral kills)
  A kobold brigand (D:7)
  2 bullfrogs (D:7)
  2 killer bees (D:8)
  An orc wizard (D:7)
  A shadow imp (D:7)
  4 orcs
11 creatures vanquished.

Vanquished Creatures (others)
  2 ancestors
  22 plants
24 creatures vanquished.

Grand Total: 188 creatures vanquished

Notes
Turn   | Place    | Note
-------+----------+-------------------------------------------
     0 | D:1      | happo123 the Djinni Earth Elementalist began the quest for
                  | the Orb.
     0 | D:1      | Reached XP level 1. HP: 15/15 MP: 0/0
    69 | D:1      | Reached XP level 2. HP: 16/21 MP: 0/0
   408 | D:1      | Found a faded altar of an unknown god.
   445 | D:1      | Reached XP level 3. HP: 24/25 MP: 0/0
   445 | D:1      | Learned a level 1 spell: Necrotize
   858 | D:2      | Noticed Robin
   865 | D:2      | Reached XP level 4. HP: 17/31 MP: 0/0
   866 | D:2      | Killed Robin
   867 | D:2      | Reached skill level 3 in Dodging
  1366 | D:2      | Found the -2 hat of the Alchemist {rElec rPois rF+ rC+ rN+
                  | Will+ rMut rCorr}
  1625 | D:2      | You are sucked into a shaft and drop 2 floors!
  1757 | D:4      | Reached skill level 1 in Fighting
  1880 | D:3      | Found Niunof's Antique Armour Shoppe.
  1972 | D:2      | Reached XP level 5. HP: 33/37 MP: 0/0
  1972 | D:2      | Learned a level 2 spell: Wereblood
  2088 | D:2      | Found Jostuss's Assorted Antiques.
  2092 | D:2      | Bought a scroll labelled NUEXTULERUS for 22 gold pieces
  2302 | D:3      | Reached skill level 1 in Armour
  2583 | D:3      | Reached XP level 6. HP: 38/43 MP: 0/0
  2651 | D:3      | Found a runed translucent door.
  2652 | D:3      | Noticed Crazy Yiuf
  2661 | D:3      | Killed Crazy Yiuf
  2945 | D:4      | Reached skill level 4 in Dodging
  3343 | D:4      | Reached XP level 7. HP: 41/49 MP: 0/0
  3343 | D:4      | Learned a level 3 spell: Lesser Beckoning
  4108 | D:5      | Entered Level 5 of the Dungeon
  4228 | D:5      | Found a runed translucent gate.
  4228 | D:5      | Found a runed translucent gate.
  4229 | D:5      | Found a runed translucent gate.
  4231 | D:5      | Noticed croobank's ghost (weakling GnDe)
  4717 | D:5      | Killed croobank's ghost
  4862 | D:6      | Found Gioshriv's Assorted Antiques.
  4910 | D:6      | Reached XP level 8. HP: 50/55 MP: 0/0
  4958 | D:6      | Reached skill level 5 in Dodging
  5020 | D:6      | Found a staircase to the Ecumenical Temple.
  5028 | Temple   | Entered the Ecumenical Temple
  5074 | Temple   | Became a worshipper of Hepliaklqana the Forgotten
  5441 | D:6      | Noticed Prince Ribbit
  5449 | D:6      | Killed Prince Ribbit
  5461 | D:6      | Found Fisif's General Store.
  5554 | D:6      | Found Hukuc's Distillery.
  5740 | D:6      | Found Nubbadal's Magic Scroll Emporium.
  5909 | D:7      | Found Nukeiqy's Jewellery Boutique.
  6010 | D:7      | Reached * piety under Hepliaklqana
  6018 | D:7      | Reached skill level 6 in Dodging
  6018 | D:7      | Reached XP level 9. HP: 33/54 MP: 0/0
  6018 | D:7      | Learned a level 3 spell: Mephitic Cloud
  6029 | D:7      | Reached skill level 5 in Stealth
  6260 | D:7      | Found Lups's Magic Scroll Emporium.
  6417 | D:7      | Reached skill level 5 in Spellcasting
  7426 | D:8      | Noticed a two-headed ogre
  7436 | D:8      | Killed a two-headed ogre
  7437 | D:8      | Reached skill level 7 in Dodging
  7464 | D:7      | Reached XP level 10. HP: 16/61 MP: 0/0
  7922 | D:8      | Noticed siradein's ghost (novice DrSu)
  7926 | D:8      | Found a runed translucent door.
  8023 | D:8      | Noticed Joseph
  8048 | D:8      | HP: 3/62 [Joseph/sling bullet (10)]
  8051 | D:8      | HP: 1/62 [Joseph/sling bullet (3)]
  8053 | D:8      | Shot with a sling bullet by Joseph

Illustrated notes

Levels and vault maps discovered:
D:1:      saegor_arrival_simple_e, layout_basic, basic_ecumenical_altar,
          nrook_mini_vaults, minmay_pentomino_o2
D:2:      layout_loops_ring, serial_shops, shop, wad_woods_river_04, uniq_robin
D:3:      layout_rooms, serial_shops, shop, grunt_decor_arrowhead,
          roderic_batcave, uniq_crazy_yiuf_cottage
D:4:      layout_basic
D:5:      layout_basic, gammafunk_ghost_split
D:6:      layout_basic, minmay_temple_entry_arrows, serial_shops,
          nicolae_shop_stone, shop, nicolae_square_shop,
          nicolae_shop_waterfront, nicolae_elevator_lobby_plus,
          uniq_prince_ribbit1
D:7:      layout_basic, serial_shops, nicolae_shop_hallway_stairs,
          kennysheep_windowed_goal
D:8:      layout_basic, hellmonk_ghost_big_iron, uniq_joseph, uniq_maggie
Temple:   mainiacjoe_temple_archimedes_tessellation

Skill      XL: |  1  2  3  4  5  6  7  8  9 |
---------------+----------------------------+-----
Stealth        | 2 3 4 6 |  6.4
Dodging        | 3 4 6 7 |  7.7
Fighting       | 1 2 3 4 |  4.5
Spellcasting   | 3 4 5 |  5.8
Armour         | 1 2 3 4 |  4.4

Action                   |  1- 3 |  4- 6 |  7- 9 | 10-12 || total
-------------------------+-------+-------+-------+-------++-------
Melee: Unarmed           |     1 |     4 |       |       ||     5
       Whip              |       |     3 |       |       ||     3
       Punch             |       |     2 |       |       ||     2
       Hand axe          |       |    18 |       |       ||    18
       Quarterstaff      |       |    11 |    45 |       ||    56
 Cast: Sandblast         |    42 |    37 |    25 |     1 ||   105
       Stone Arrow       |     1 |    35 |    69 |    16 ||   121
       Necrotize         |       |    20 |     9 |     3 ||    32
       Wereblood         |       |     1 |       |       ||     1
       Mephitic Cloud    |       |       |     5 |     3 ||     8
       Passwall          |       |       |     1 |       ||     1
Invok: Recall Ancestor   |       |       |     1 |       ||     1
  Use: Scroll            |       |       |     7 |       ||     7
 Stab: Sleeping          |       |     2 |     5 |       ||     7
Armor: Robe              |     3 |    45 |    27 |       ||    75
       Leather armour    |       |       |     7 |    10 ||    17
Dodge: Dodged            |    11 |    83 |    65 |    14 ||   173

Table legend: (Time is in decaauts)
 A = Elapsed time spent in this place.
 B = Non-inter-level travel time spent in this place.
 C = Inter-level travel time spent in this place.
 D = Time resting spent in this place.
 E = Time spent auto-exploring this place.
 F = Levels seen in this place.
 G = Mean time per level.
                   A        B        C        D        E       F      G
               +--------+--------+--------+--------+--------+-----+--------+
         Total |   8079 |   5013 |   3066 |   1165 |   2574 |   9 |  897.7 |
       Dungeon |   7719 |   4795 |   2924 |   1165 |   2374 |   8 |  964.9 |
        Temple |    359 |    217 |    142 |      0 |    200 |   1 |  359.0 |
               +--------+--------+--------+--------+--------+-----+--------+

Top non-repeatable levels by time:
     D:7: 1677 daAuts
     D:4: 1342 daAuts
     D:2: 1341 daAuts
     D:3: 804 daAuts
     D:5: 729 daAuts
     D:6: 716 daAuts
     D:1: 633 daAuts
     D:8: 474 daAuts
  Temple: 359 daAuts
